 Dungeon Crawl Stone Soup version 0.24.0-10-g970556be89 (webtiles) character file.

Game seed: 5201568475525898504, levelgen mode: deterministic

31 Simboubou the Chopper (level 3, -3/31 HPs)
             Began as a Minotaur Berserker on Nov 3, 2019.
             Was a Follower of Trog.
             Killed from afar by Natasha (5 damage)
             ... with a magic dart
             ... on level 2 of the Dungeon.
             The game lasted 00:04:52 (865 turns).

Simboubou the Chopper (Minotaur Berserker)           Turns: 865, Time: 00:04:54

Health: -3/31      AC:  6    Str: 22    XL:     3   Next: 7%
Magic:  2/2        EV: 11    Int:  4    God:    Trog [*.....]
Gold:   44         SH:  0    Dex:  9    Spells: 2/2 levels left

rFire    . . .     SeeInvis .   a - +0 hand axe
rCold    . . .     Gourm    .   (no shield)
rNeg     . . .     Faith    .   g - +0 ring mail (curse)
rPois    .         Spirit   .   (helmet restricted)
rElec    .         Reflect  .   (no cloak)
rCorr    .         Harm     .   (no gloves)
MR       .....                  h - +0 pair of boots
Stlth    ..........             (no amulet)
HPRegen  0.10/turn              (no ring)
MPRegen  0.08/turn              (no ring)

@: no status effects
A: retaliatory headbutt, horns 2
a: Berserk, Renounce Religion


You were on level 2 of the Dungeon.
You worshipped Trog.
Trog was aware of your devotion.
You were not hungry.

You visited 1 branch of the dungeon, and saw 2 of its levels.

You collected 44 gold pieces.

Inventory:

Hand Weapons
 a - a +0 hand axe (weapon)
Armour
 b - a +0 animal skin
 d - a +0 leather armour
 g - a cursed +0 ring mail (worn)
 h - a +0 pair of boots (worn)
Scrolls
 i - 2 scrolls of remove curse {unknown}
 j - a scroll of magic mapping {unknown}
 l - a scroll of enchant weapon {unknown}
 m - a scroll of identify {unknown}
 o - a scroll of fear {unknown}
Potions
 e - 2 potions of lignification {unknown}
 f - a potion of heal wounds {unknown}
 k - 2 potions of haste {unknown}
 n - a potion of ambrosia {unknown}
Comestibles
 c - a ration


   Skills:
 - Level 3.6 Fighting
 + Level 5.1 Axes
 - Level 2.4 Armour
 - Level 2.1 Dodging


You had 2 spell levels left.
You didn't know any spells.
Your spell library was empty.

Dungeon Overview and Level Annotations

Branches:
Dungeon (2/15)

Altars:

Annotations:
D:2 Natasha


Innate Abilities, Weirdness & Mutations

You reflexively headbutt those who attack you in melee.
You have a pair of horns on your head.


Message History

You are too injured to fight recklessly!
You are too injured to fight recklessly!
You are too injured to fight recklessly!
You are too injured to fight recklessly!
You are too injured to fight recklessly!
You are too injured to fight recklessly!
You are too injured to fight recklessly!
You are too injured to fight recklessly!
You hit Natasha.
Natasha is severely wounded.
The bat hits you but does no damage.
Natasha casts a spell.
The bat hits you but does no damage.
You barely miss Natasha. Your headbutt misses Natasha.
Natasha is severely wounded.
You hit the bat. You hit the white imp but do no damage.
The bat hits you but does no damage.
Natasha stares at you and mumbles some strange words.
The magic dart hits you.
You die...

#.#..##..##......+ ..
#........##......# ######.
#....#...#...#######....#..
#%...(................#.#.P
####..#.5##.#.#########..#.#..♣♣♣
...#.<#.....#.#............#.P.P.
.........h5.#.#.########...#.#P.P
####.)#.##.##.#5##.#.###...#...<.
......#.§.....#.@b.#.......#.(###
#....#####.####h.#.#..#.......###
.............5...# ##.#....#.....
.....###...#####.# #.#........).
.#.......... #.# #.######.....
.#....#..... ... #.# #........
#....###..#. .... #.# #........
#..... ...J. .......# #.###....
.##.##.#.#..#. #.....(##


You could see Natasha, a crimson imp, a white imp and a bat.

Vanquished Creatures
  An ooze (D:2)
  A dart slug (D:1)
  2 leopard geckos (D:1)
  A ball python (D:1)
  A giant cockroach (D:1)
  A goblin (D:2)
  4 hobgoblins
  3 kobolds
  3 bats
  4 frilled lizards (D:1)
  2 rats (D:1)
23 creatures vanquished.

Notes
Turn   | Place    | Note
-------+----------+-------------------------------------------
     0 | D:1      | Simboubou the Minotaur Berserker began the quest for the
                  | Orb.
     0 | D:1      | Reached XP level 1. HP: 19/19 MP: 0/0
   145 | D:1      | Reached skill level 4 in Axes
   240 | D:1      | Reached XP level 2. HP: 23/26 MP: 1/1
   764 | D:2      | Reached skill level 5 in Axes
   765 | D:2      | Reached XP level 3. HP: 27/31 MP: 2/2
   831 | D:2      | Noticed Natasha
   858 | D:2      | HP: 1/31 [bat (1)]
   865 | D:2      | Killed from afar by Natasha

Levels and vault maps discovered:
D:1:      ebering_hopf_link, layout_basic
D:2:      layout_basic, first_ration, serial_forest,
          infiniplex_forest_straight_2, infiniplex_forest_clump_medium,
          infiniplex_forest_straight_5, infiniplex_forest_lined_3,
          infiniplex_forest_lined_room_, infiniplex_forest_straight_3,
          uniq_natasha, uniq_jessica, uniq_terence

Skill      XL: |  1  2 |
---------------+-------+-----
Axes           | 4 5 |  5.1
Fighting       | |  3.6
Armour         | |  2.4
Dodging        | |  2.1

Action                   || total
-------------------------++-------
Melee: Hand axe          ||    53
       Headbutt          ||     7
       Unarmed           ||    10
Armor: Ring mail         ||    31
Dodge: Dodged            ||    81
